 Dungeon Crawl Stone Soup version 0.22.1-2-g9c5b331 (webtiles) character file.

1650 redwoodhats the Shield-Bearer (level 9, -2/45 HPs)
             Began as a Vine Stalker Fighter on Dec 7, 2018.
             Was a Believer of Nemelex Xobeh.
             Slain by an orc warrior
             ... wielding a +0 halberd
              (15 damage)
             ... on level 7 of the Dungeon on Dec 8, 2018.
             The game lasted 00:47:11 (5914 turns).

redwoodhats the Shield-Bearer (VSFi)                Turns: 5914, Time: 00:47:13

Health: -2/45      AC: 10    Str: 20    XL:     9   Next: 0%
Magic:  0/11       EV:  9    Int:  9    God:    Nemelex Xobeh [**....]
Gold:   309        SH: 10    Dex: 15    Spells: 8/8 levels left

rFire    . . .     SeeInvis .   f - +3 hand axe "Tepauf" {freeze, rN+}
rCold    . . .     Gourm    +   b - +0 shield
rNeg     + . .     Faith    .   a - +1 scale mail
rPois    .         Spirit   +   z - +0 helmet
rElec    .         Reflect  .   (no cloak)
rCorr    .         Harm     .   D - +0 pair of gloves
MR       +....                  (no boots)
Stlth    +.........             u - amulet of the gourmand
HPRegen  0.55/turn              (no ring)
MPRegen  0.12/turn              (no ring)

@: no status effects
A: fangs 3, regeneration 1, magic shield, antimagic bite, no potion heal 3, rot
immunity
a: Renounce Religion


You were on level 7 of the Dungeon.
You worshipped Nemelex Xobeh.
Nemelex Xobeh was pleased with you.
You were not hungry.

You visited 1 branch of the dungeon, and saw 7 of its levels.

You collected 309 gold pieces.

Inventory:

Hand Weapons
 f - the +3 hand axe "Tepauf" (weapon) {freeze, rN+}
   (You found it on level 5 of the Dungeon)

   It has been specially enchanted to freeze those struck by it, causing extra
   injury to most foes and up to half again as much damage against particularly
   susceptible opponents.
   It can also slow down cold-blooded creatures.
   It protects you from negative energy.
 i - a +1 short sword of draining
 n - a +0 trident of freezing
 p - a +1 shortbow
 s - a +0 hunting sling
Missiles
 q - 105 arrows
 y - 10 tomahawks (quivered)
Armour
 a - a +1 scale mail (worn)
 b - a +0 shield (worn)
 k - a +0 ring mail
 z - a +0 helmet (worn)
 D - a +0 pair of gloves (worn)
Magical Staves
 l - an uncursed staff of power
Jewellery
 u - an amulet of the gourmand (around neck)
 B - an uncursed ring of flight {unknown}
Wands
 g - a wand of disintegration (23)
Scrolls
 e - 4 scrolls of blinking
 h - 3 scrolls of magic mapping
 m - 3 scrolls of remove curse
 o - 4 scrolls of identify
 t - 2 scrolls of amnesia
 C - 4 scrolls of teleportation
Potions
 c - 3 potions of might
 v - 2 potions of curing
 A - a potion of degeneration
Miscellaneous
 j - a plain deck of summoning {drawn: 4}
 w - a plain deck of destruction {drawn: 4}
 x - a plain deck of destruction {drawn: 4}
Comestibles
 d - 11 rations


   Skills:
 + Level 3.7 Fighting
 + Level 0.1 Short Blades
 + Level 2.7(3.2) Axes
 + Level 2.5(3.3) Polearms
 + Level 1.1(2.0) Staves
 + Level 3.6 Bows
 + Level 4.2 Armour
 + Level 2.7 Dodging
 + Level 1.5 Stealth
 + Level 4.9 Shields
 + Level 3.8 Unarmed Combat
 + Level 0.8 Invocations
 + Level 1.5 Evocations


You had 8 spell levels left.
You didn't know any spells.
Your spell library was empty.

Dungeon Overview and Level Annotations

Branches:
Dungeon (7/15)             Temple (0/1) D:7

Altars:
Dithmenos
Kikubaaqudgha
Nemelex Xobeh
Sif Muna
Trog
Vehumet
Wu Jian


Innate Abilities, Weirdness & Mutations

You have razor-sharp teeth.
Your natural rate of healing is unusually fast.
When hurt, damage is shared between your health and your magic reserves.
Your bite disrupts and absorbs the magic of your enemies.
Potions cannot restore your health.
You are immune to rotting.


Message History

Your shield and scale mail prevent you from hitting the orc warrior.
The orc warrior is moderately wounded.
You hit something. You freeze something. Something hits you.
* * * LOW HITPOINT WARNING * * *
Deactivating autopickup; reactivate with Ctrl-A.
The orc warrior barely misses you. Something hits you but does no damage.
You draw a card...
It is the Elements.
You block the orc warrior's attack. Something hits you but does no damage.
You slash the orc warrior! You freeze the orc warrior.
The orc warrior is severely wounded.
You barely miss something. You block the orc warrior's attack.
Something hits you but does no damage.
Your basilisk bites something.
You hit the orc warrior but do no damage.
You bite the orc warrior, but do no damage.
The orc warrior is severely wounded.
You hit something. You freeze something. Something hits you but does no damage.
Your basilisk gazes at the orc warrior.
The orc warrior hits you with a halberd!!
You die...
Your body glows slightly and disappears.

############
##.....#.....##
##.............##
#...v...........#
#.<[...###+###..#
#......#.....#..####..
#.....@#.⌠.⌠.#........
#....ho{..>..'........
#......#l⌠.⌠.#........
##.....#.....#........
####......###+###......#.
..........# ....[..#
.##...##....... .........
#8... ###.#... .......##
##... ..##.$.$.....#


You could see an orc warrior, a friendly raiju, a friendly basilisk and a
friendly fire vortex.

Vanquished Creatures
  A hungry ghost (D:7)
  A vampire mosquito (D:6)
  Duvessa (D:4)
  An ice beast (D:6)
  A centaur (D:3)
  A sky beast (D:5)
  2 ogres
  A bullfrog (D:6)
  Dowan (D:4)
  A scorpion (D:5)
  A centaur zombie (D:6)
  2 crimson imps
  2 hounds
  An orc priest (D:5)
  A jelly (D:4)
  Jessica (D:2)
  An orc wizard (D:7)
  3 worker ants
  A hound zombie (D:6)
  A hound skeleton (D:6)
  6 adders
  2 oozes
  2 dart slugs
  2 leopard geckos
  8 orcs
  15 bats
  5 giant cockroaches
  8 goblins
  9 hobgoblins
  8 jackals
  6 quokkas
  2 ball pythons
  6 frilled lizards
  9 kobolds
  A leopard gecko zombie (D:3)
  A quokka skeleton (D:5)
  A quokka zombie (D:5)
  6 rats
122 creatures vanquished.

Vanquished Creatures (collateral kills)
  A centaur (D:6)
  A gnoll sergeant (D:6)
  A centaur zombie (D:5)
  An orc priest (D:3)
  2 orc wizards
  3 gnolls (D:6)
  4 orcs (D:3)
  A giant cockroach (D:3)
  A jackal (D:6)
  A quokka zombie (D:6)
16 creatures vanquished.

Grand Total: 138 creatures vanquished

Notes
Turn   | Place    | Note
-------+----------+-------------------------------------------
     0 | D:1      | redwoodhats the Vine Stalker Fighter began the quest for
                  | the Orb.
     0 | D:1      | Reached XP level 1. HP: 11/11 MP: 2/2
    57 | D:1      | Reached XP level 2. HP: 14/16 MP: 3/3
   353 | D:1      | Reached XP level 3. HP: 18/20 MP: 4/4
   933 | D:2      | Noticed Jessica
   942 | D:2      | Killed Jessica
   942 | D:2      | Reached skill level 1 in Evocations
   942 | D:2      | Gained mutation: Your natural rate of healing is unusually
                  | fast. [Vine Stalker growth]
   942 | D:2      | Reached XP level 4. HP: 19/24 MP: 5/5
  1224 | D:2      | Noticed an ogre
  1232 | D:2      | Killed an ogre
  1232 | D:2      | Reached skill level 1 in Dodging
  1232 | D:2      | Reached XP level 5. HP: 4/28 MP: 0/6
  1322 | D:2      | Found a sparkling altar of Nemelex Xobeh.
  1331 | D:2      | Became a worshipper of Nemelex Xobeh the Trickster
  1337 | D:2      | Found a radiant altar of Vehumet.
  1353 | D:2      | Found a deep blue altar of Sif Muna.
  1401 | D:2      | Found a bloodstained altar of Trog.
  1401 | D:2      | Found a shadowy altar of Dithmenos.
  1864 | D:3      | Received a gift from Nemelex Xobeh
  1978 | D:3      | Reached XP level 6. HP: 32/32 MP: 7/7
  2848 | D:4      | Noticed Duvessa
  2848 | D:4      | Noticed Dowan
  2865 | D:4      | Reached skill level 1 in Bows
  2871 | D:5      | Entered Level 5 of the Dungeon
  2877 | D:5      | Reached skill level 1 in Polearms
  2887 | D:5      | Got a crystal hand axe
  2945 | D:4      | Killed Duvessa
  2945 | D:4      | Reached XP level 7. HP: 25/36 MP: 4/9
  2948 | D:4      | Killed Dowan
  3057 | D:4      | Reached * piety under Nemelex Xobeh
  3382 | D:4      | Identified the +3 hand axe "Tepauf" {freeze, rN+} (You
                  | found it on level 5 of the Dungeon)
  3480 | D:5      | Found an ornate altar of the Wu Jian Council.
  3490 | D:5      | Received a gift from Nemelex Xobeh
  3528 | D:5      | Found a radiant altar of Vehumet.
  3966 | D:5      | Gained mutation: You have razor-sharp teeth. [Vine Stalker
                  | growth]
  3966 | D:5      | Reached XP level 8. HP: 23/40 MP: 8/10
  4261 | D:6      | Reached skill level 1 in Axes
  4295 | D:6      | Reached skill level 1 in Staves
  4434 | D:6      | Reached ** piety under Nemelex Xobeh
  4581 | D:6      | Received a gift from Nemelex Xobeh
  4735 | D:6      | Found an ancient bone altar of Kikubaaqudgha.
  5862 | D:7      | Found a staircase to the Ecumenical Temple.
  5908 | D:7      | Reached skill level 1 in Stealth
  5908 | D:7      | Reached XP level 9. HP: 13/45 MP: 5/11
  5914 | D:7      | Slain by an orc warrior

Skill      XL: |  1  2  3  4  5  6  7  8 |
---------------+-------------------------+-----
Fighting       | 3 |  3.7
Shields        | 3 4 |  4.9
Evocations     | 1 |  1.5
Dodging        | 1 2 |  2.7
Unarmed Combat | 3 |  3.8
Armour         | 3 4 |  4.2
Bows           | 1 3 |  3.6
Polearms       | 1 2 |  2.5
Axes           | 2 |  2.7
Staves         | 1 |  1.1
Stealth        | 1 |  1.5
Short Blades   | |  0.1
Invocations    | |  0.8

Action                   |  1- 3 |  4- 6 |  7- 9 || total
-------------------------+-------+-------+-------++-------
Melee: Unarmed           |   156 |    42 |       ||   198
       Bite              |    47 |    23 |    38 ||   108
       Short sword       |       |     6 |       ||     6
       Trident           |       |    70 |    18 ||    88
       Hand axe          |       |       |    91 ||    91
       Staff             |       |       |    18 ||    18
 Fire: Shortbow          |       |     8 |    36 ||    44
Evoke: Wand              |     2 |     4 |     1 ||     7
       Deck              |       |     1 |    11 ||    12
  Use: Scroll            |     2 |     8 |     7 ||    17
       Potion            |       |     4 |     4 ||     8
  Eat: Chunk             |       |     1 |     6 ||     7
       Ration            |       |     2 |     3 ||     5
Armor: Scale mail        |    80 |    83 |    76 ||   239
Dodge: Dodged            |    42 |    78 |    70 ||   190
Block: Shield            |    87 |   103 |    54 ||   244
